 Dungeon Crawl Stone Soup version 0.28-a0-1382-g92835e5c71 (webtiles) character file.

Game seed: 6419546955919379758

2692 Ridori the Grappler (level 9, -3/93 HPs)
             Began as a Troll Berserker on Jan 1, 2022.
             Was a High Priest of Trog.
             Slain by a +0 mace of chaos (4 damage)
             ... on level 6 of the Dungeon.
             The game lasted 00:30:29 (5077 turns).

Ridori the Grappler (Troll Berserker)               Turns: 5077, Time: 00:30:30

Health: -3/93      AC:  4    Str: 31    XL:     9   Next: 38%
Magic:  17/17      EV: 11    Int:  3    God:    Trog [*****.]
Gold:   357        SH:  0    Dex:  9    Spells: 8/8 levels left

rFire   . . .      SeeInvis .     - Unarmed
rCold   + . .      Faith    .   A - orb {*Rage}
rNeg    . . .      Spirit   .   a - +0 animal skin
rPois   +          Reflect  .   (helmet restricted)
rElec   .          Harm     .   (no cloak)
rCorr   .          Rampage  .   (gloves unavailable)
Will    .....      Rage     20% (boots unavailable)
Stlth   +.........              p - amulet of Wikeawae {rPois Regen+}
HPRegen 1.85/turn               D - ring of magical power
MPRegen 0.15/turn               N - ring of protection from cold

@: mighty, on berserk cooldown, slowed, invisible, very slow
A: large, unfitting armour, claws 3, regeneration 1, shaggy fur 1, tough skin 1
a: Renounce Religion, Berserk, Trog's Hand, Brothers in Arms


You were on level 6 of the Dungeon.
You worshipped Trog.
Trog was extremely pleased with you.
You visited 1 branch of the dungeon, and saw 6 of its levels.
You also visited: Sewer.

You collected 357 gold pieces.

Inventory:

Hand Weapons
 d - a +0 club
 g - a +0 dagger
 m - a +1 whip of venom
 s - a +2 short sword of holy wrath
 v - a +2 dagger of venom
 w - a +3 short sword of freezing
 P - a +0 vorpal halberd
Missiles
 b - 140 stones
 c - 18 bolts
 i - a throwing net
 l - 2 silver javelins
 r - 4 boomerangs
 x - 33 poisoned darts (quivered)
 G - 41 arrows
 L - 56 sling bullets
 O - 5 atropa-tipped darts
Armour
 a - a +0 animal skin (worn)
 e - a +0 robe
 q - a +2 ring mail of cold resistance
 y - a +0 chain mail
 A - an orb of wrath (worn)
 E - the +5 ring mail of Death's Door {rPois rC++ Will+ Dex-4}
   (You found it on level 3 of the Dungeon)

   Dex:       It affects your dexterity (-4).
   rC:        It greatly protects you from cold.
   rPois:     It protects you from poison.
   Will:      It increases your willpower.
 F - a +0 pair of gloves
 Q - +0 steam dragon scales
Magical Staves
 k - a staff of conjuration
 C - a staff of fire
Jewellery
 f - an amulet of reflection
 o - a ring of fire
 p - the amulet of Wikeawae (around neck) {rPois Regen+}
   (You acquired it on level 3 of the Dungeon)

   [amulet of regeneration]

   rPois:     It protects you from poison.
   Regen:     It increases your rate of health regeneration.
 D - a ring of magical power (left claw)
 N - a ring of protection from cold (right claw)
 R - a +4 ring of evasion
Wands
 I - a wand of acid (9)
Scrolls
 j - a scroll of amnesia
 H - 2 scrolls of teleportation
 K - a scroll of magic mapping
 M - 2 scrolls of fear
Potions
 h - 2 potions of haste
 n - a potion of magic
 t - a potion of berserk rage {unknown}
 u - 2 potions of brilliance
 z - 2 potions of heal wounds
 B - a potion of might
 J - a potion of curing {unknown}


   Skills:
 * Level 7.3 Fighting
 + Level 5.4 Dodging
 * Level 8.7 Unarmed Combat


You had 8 spell levels left.
You didn't know any spells.
Your spell library contained the following spells:

 Spells                   Type           Power      Damage    Failure   Level
 Apportation              Tloc           0%         N/A       52%         1
 Beastly Appendage        Tmut           0%         N/A       52%         1
 Sandblast                Erth           0%         2d4       52%         1
 Passwall                 Tmut/Erth      0%         N/A       67%         2
 Wereblood                Tmut           0%         N/A       67%         2
 Spider Form              Tmut/Pois      0%         N/A       88%         3
 Stone Arrow              Conj/Erth      0%         3d7       88%         3
 Ice Form                 Ice/Tmut       0%         N/A       99%         4
 Alistair's Intoxication  Tmut/Pois      0%         N/A       100%        5
 Freezing Cloud           Conj/Ice/Air   0%         6-21      100%        5
 Yara's Violent Unravell  Hex/Tmut       0%         3d3       100%        5
 Dispersal                Tloc           0%         N/A       100%        6
 Disjunction              Tloc           0%         N/A       100%        8


Dungeon Overview and Level Annotations

Branches:
Dungeon (6/15)              Sewer (visited)
 Temple: D:4-7

Altars:
Ru
Wu Jian
Xom

Shops:
D:1 [


Innate Abilities, Weirdness & Mutations

You are too large for most types of armour.
You have claws for hands.
Your natural rate of healing is unusually fast.
You are covered in fur. (AC +1)
You have tough skin. (AC +1)


Message History

Found a kite shield.
Found a shimmering altar of Xom.
Found 9 gold pieces.
R - a +4 ring of evasion
There are no items here.
You open the door. The +0 mace of chaos hits you! Space warps around you.
The +0 mace of chaos hits you!
You claw the +0 mace of chaos!
The +0 mace of chaos is heavily damaged.
The +0 mace of chaos hits you! The +0 mace of chaos freezes you.
The +0 mace of chaos hits you.
You fade into invisibility!
You catch the helpless +0 mace of chaos completely off-guard!
You scratch the +0 mace of chaos but do no damage.
The +0 mace of chaos is heavily damaged.
Hemabe71's ghost hits you!
You claw hemabe71's ghost!
Hemabe71's ghost is lightly damaged.
Hemabe71's ghost hits you.
You mangle hemabe71's ghost!!
Hemabe71's ghost is heavily damaged.
Hemabe71's ghost hits you!
You mangle hemabe71's ghost!!
Hemabe71's ghost is almost destroyed.
Hemabe71's ghost hits you!
You claw hemabe71's ghost!
You destroy hemabe71's ghost!
Trog accepts your kill. The +0 mace of chaos barely misses you.
Your Fighting skill increases to level 7!
You barely miss the +0 mace of chaos.
The +0 mace of chaos is moderately damaged.
The +0 mace of chaos hits you!
You feel very mighty all of a sudden. The +0 mace of chaos hits you!!
* * * LOW HITPOINT WARNING * * *
You fade further into invisibility.
The +0 mace of chaos hits you!
* * * LOW HITPOINT WARNING * * *
The +0 mace of chaos burns you.
You die...

####### #.# ......# ####.####
......# #.).....# .>....#
#.#)..#.# ......# # #.#.#.##
......# #...#..## ......#
##.##...# ......# ####...#
##.#### ##$#.@.# ###+# ...#
#._'(..# #)))) #### ##.#..##
#≈#.# # ##### ####..# #≈≈.§
#####...# #.######## #≈≈≈≈
........####........# #.≈≈≈
#####........[#####.#########....
############..# #........##.._.
....# #..# #.####...##....


You could see a +0 mace of chaos.

Vanquished Creatures
  The ghost of hemabe71 the Charlatan, a novice HuAr of Trog (D:6)
  Maggie (D:6)
  Prince Ribbit (D:6)
  Grinder (D:6)
  Menkaure (D:4)
  3 black bears
  An ogre (D:5)
  A centaur (D:5)
  A phantom (D:6)
  2 kobold brigands (Sewer)
  2 scorpions
  2 hounds
  An orc priest (D:3)
  A bullfrog skeleton (D:3)
  A scorpion zombie (D:5)
  3 iguanas
  4 orc wizards
  2 hound skeletons (D:4)
  A howler monkey zombie (D:6)
  A mummy (D:6)
  3 gnolls (D:4)
  9 adders
  5 river rats (Sewer)
  A white imp (D:5)
  An adder skeleton (D:4)
  A worm (D:3)
  2 dart slugs
  15 orcs
  19 ball pythons
  7 endoplasms
  2 giant cockroaches (D:3)
  8 goblins
  7 hobgoblins
  14 jackals
  16 kobolds
  6 quokkas
  7 bats
  4 frilled lizards
  A hobgoblin zombie (D:6)
  3 orc zombies (D:6)
  19 rats
181 creatures vanquished.

Vanquished Creatures (others)
  2 withered plants (D:1)
2 creatures vanquished.

Grand Total: 183 creatures vanquished

Notes
Turn   | Place    | Note
-------+----------+-------------------------------------------
     0 | D:1      | Ridori the Troll Berserker began the quest for the Orb.
     0 | D:1      | Reached XP level 1. HP: 22/22 MP: 0/0
     5 | D:1      | Found a faded altar of an unknown god.
    89 | D:1      | Found Zaroesaf's Antique Armour Shop.
   383 | D:1      | Reached XP level 2. HP: 29/29 MP: 1/1
   627 | D:1      | Got the Catalogue of the Vanishing Lives
   767 | D:2      | Reached XP level 3. HP: 32/36 MP: 2/2
   775 | D:2      | Reached ** piety under Trog
  1043 | D:2      | Reached XP level 4. HP: 44/45 MP: 3/3
  1466 | D:3      | Reached skill level 4 in Unarmed Combat
  1532 | D:3      | Reached XP level 5. HP: 48/53 MP: 4/4
  1593 | D:3      | Found a glowing drain.
  1600 | Sewer    | Entered a sewer
  1672 | Sewer    | Reached *** piety under Trog
  1800 | Sewer    | Reached XP level 6. HP: 58/62 MP: 5/5
  1899 | Sewer    | Reached skill level 5 in Unarmed Combat
  2495 | D:3      | Identified the +5 ring mail of Death's Door {rPois rC++
                  | Will+ Dex-4}
  2578 | D:3      | Reached **** piety under Trog
  2911 | D:3      | Identified a scroll of acquirement
  2911 | D:3      | Acquired the amulet of Wikeawae {rPois Regen+}
  3005 | D:4      | Noticed Menkaure
  3048 | D:4      | Reached XP level 7. HP: 71/71 MP: 6/6
  3052 | D:4      | Killed Menkaure
  3249 | D:4      | Reached skill level 6 in Unarmed Combat
  3286 | D:4      | Reached skill level 5 in Fighting
  3538 | D:5      | Entered Level 5 of the Dungeon
  3853 | D:5      | Reached XP level 8. HP: 31/81 MP: 7/7
  4155 | D:5      | Found a sacrificial altar of Ru.
  4362 | D:6      | Reached skill level 7 in Unarmed Combat
  4369 | D:6      | Noticed Grinder
  4382 | D:6      | Killed Grinder
  4496 | D:6      | Noticed Prince Ribbit
  4527 | D:6      | Reached ***** piety under Trog
  4535 | D:6      | Killed Prince Ribbit
  4594 | D:6      | Found an ornate altar of the Wu Jian Council.
  4900 | D:6      | Noticed Maggie
  4917 | D:6      | Killed Maggie
  4918 | D:6      | Reached skill level 5 in Dodging
  4918 | D:6      | Reached skill level 8 in Unarmed Combat
  4918 | D:6      | Reached XP level 9. HP: 79/92 MP: 8/8
  5050 | D:6      | Found a runed translucent door.
  5062 | D:6      | Found a shimmering altar of Xom.
  5062 | D:6      | Noticed hemabe71's ghost (novice HuAr)
  5063 | D:6      | Noticed a +0 mace of chaos
  5075 | D:6      | Killed hemabe71's ghost
  5077 | D:6      | HP: 1/93 [+0 mace of chaos (11)]
  5077 | D:6      | Slain by a +0 mace of chaos

Illustrated notes

Levels and vault maps discovered:
D:1:      minmay_arrival_glassed_features, layout_loops_ring, serial_shops,
          shop, ebering_ecumenical_altar_petrified
D:2:      layout_rooms, kennysheep_generic_room_13
D:3:      layout_loops_corners, gup_sewer_entry_bubbles
D:4:      layout_cave_pools, uniq_menkaure
D:5:      black_bear_nest_2, layout_basic, mainiacjoe_overflow_brackets,
          minmay_misc_feat_rows, hex_medium
D:6:      layout_loops_cross, nicolae_wu_jian_glorious_leap, ebering_ghost_xom,
          minmay_mini_ossuary, uniq_grinder, uniq_prince_ribbit1, uniq_maggie

Skill      XL: |  1  2  3  4  5  6  7  8  9 |
---------------+----------------------------+-----
Fighting       | 3 4 5 6 7 |  7.3
Unarmed Combat | 4 5 6 8 |  8.7
Dodging        | 3 4 5 |  5.4

Action                   |  1- 3 |  4- 6 |  7- 9 || total
-------------------------+-------+-------+-------++-------
Melee: Unarmed           |   123 |   207 |   158 ||   488
       Punch             |     1 |     4 |       ||     5
Throw: Dart              |       |       |     2 ||     2
Invok: Berserk           |       |       |     1 ||     1
  Use: Scroll            |       |     7 |     7 ||    14
       Potion            |       |       |     2 ||     2
 Stab: Sleeping          |     1 |       |       ||     1
       Invisible         |       |       |     1 ||     1
Armor: Animal skin       |    34 |    75 |    39 ||   148
Dodge: Dodged            |    57 |   101 |    91 ||   249
Block: Other             |    20 |    40 |       ||    60
       Reflection        |       |     1 |       ||     1
       Orb               |       |     5 |       ||     5

Table legend: (Time is in decaauts)
 A = Elapsed time spent in this place.
 B = Non-inter-level travel time spent in this place.
 C = Inter-level travel time spent in this place.
 D = Time resting spent in this place.
 E = Time spent auto-exploring this place.
 F = Levels seen in this place.
 G = Mean time per level.
                   A        B        C        D        E       F      G
               +--------+--------+--------+--------+--------+-----+--------+
         Total |   5235 |   5235 |      0 |    117 |   1923 |   7 |  747.9 |
       Dungeon |   4486 |   4486 |      0 |    117 |   1683 |   6 |  747.7 |
         Sewer |    748 |    748 |      0 |      0 |    239 |   1 |  748.0 |
               +--------+--------+--------+--------+--------+-----+--------+

Top non-repeatable levels by time:
     D:3: 1017 daAuts
     D:5: 812 daAuts
     D:6: 789 daAuts
     D:1: 755 daAuts
   Sewer: 748 daAuts
     D:4: 631 daAuts
     D:2: 481 daAuts
